 Dungeon Crawl Stone Soup version 0.20.1-1-g8b1a95d (webtiles) character file.

79 ANON1729 the Slasher (level 4, -1/26 HPs)
             Began as a Tengu Gladiator on July 6, 2017.
             Was an Initiate of Okawaru.
             Slain by a gnoll
             ... wielding a +0 flail
              (2 damage)
             ... on level 3 of the Dungeon.
             The game lasted 00:10:04 (2860 turns).

ANON1729 the Slasher (Tengu Gladiator)              Turns: 2860, Time: 00:10:06

Health: -1/26      AC:  3    Str: 18    XL:     4   Next: 38%
Magic:  5/5        EV: 14    Int:  8    God:    Okawaru [......]
Gold:   101        SH:  0    Dex: 17    Spells: 3/3 levels left

rFire    . . .     SeeInvis .   a - +0 long sword
rCold    . . .     Gourm    .   (no shield)
rNeg     . . .     Faith    .   b - +0 leather armour
rPois    .         Spirit   .   c - +0 hat
rElec    .         Reflect  .   (no cloak)
rCorr    .         Harm     .   (no gloves)
MR       .....                  (boots unavailable)
Stlth    ++........             (no amulet)
Regen    0.1/turn               m - +4 ring of strength
MPRegen  0.1/turn               (no ring)

@: lethally poisoned (-1 -> -4)
A: beak, talons 3
a: Renounce Religion


You were on level 3 of the Dungeon.
You worshipped Okawaru.
Okawaru was noncommittal.
You were not hungry.

You visited 1 branch of the dungeon, and saw 3 of its levels.

You collected 101 gold pieces.

Inventory:

Hand Weapons
 a - a +0 long sword (weapon)
 l - a +1 short sword of protection
 q - a +1 short sword of venom
Missiles
 d - a throwing net
 e - 164 stones (quivered)
 i - 40 bolts
 t - 14 arrows
Armour
 b - a +0 leather armour (worn)
 c - a +0 hat (worn)
Jewellery
 m - a +4 ring of strength (left hand)
Scrolls
 j - 3 scrolls of identify {unknown}
 k - 3 scrolls of blinking {unknown}
 o - a scroll of recharging {unknown}
 p - a scroll of immolation {unknown}
 r - a scroll of noise {unknown}
 s - 2 scrolls of enchant weapon {unknown}
 u - a scroll of remove curse {unknown}
 v - 2 scrolls of teleportation {unknown}
 y - a scroll of enchant armour {unknown}
Potions
 g - a potion of berserk rage {unknown}
 h - a potion of degeneration {unknown}
 w - 2 potions of brilliance {unknown}
Comestibles
 f - a bread ration
 n - 2 fruits
 x - 5 chunks of flesh


   Skills:
 + Level 2.2 Fighting
 + Level 4.2 Long Blades
 + Level 2.2 Throwing
 + Level 1.5 Armour
 + Level 3.7 Dodging
 + Level 1.2 Stealth


You had 3 spell levels left.
You didn't know any spells.

Dungeon Overview and Level Annotations

Branches:
Dungeon (3/15)

Altars:
Nemelex Xobeh
Okawaru

Annotations:
D:3 Robin


Innate Abilities, Weirdness & Mutations

You have a beak for a mouth.
You have claws for feet.


Message History

The adder is heavily wounded.
Robin throws the goblin at you!
The goblin shouts!
You hear a shout! x2
The goblin barely misses you. The gnoll barely misses you.
The adder bites you but does no damage.
The goblin wields a hunting sling.
The goblin shoots a stone.
The stone misses you. The gnoll closely misses you.
The gnoll barely misses you. The adder bites you.
You are poisoned.
The adder poisons you!
There is a stone staircase leading up, spattered with blood here.
You feel sick.
The gnoll hits you from afar with a halberd!
Ouch! That really hurt!
* * * LOW HITPOINT WARNING * * *
The gnoll closely misses you. The adder bites you but does no damage.
The gnoll hits you with a flail.
You die...

##+#.. ....# # ####...#
#.#..#...# ###.#..#...######
#######................ ..
#.<....>............... ...
#.#.###.#.##.#..#######.....
#..gg.....#.....@######.....
....g..........gS(.........#
.%..?!........g.gg.........#
......$r....).....g........#
................gg.g.......#
................[..........#
...........................#
.......r....r......gg.......
............)..........


You could see 3 gnolls, an adder, 7 goblins and a rat (wandering).

Vanquished Creatures
  An adder (D:2)
  An ooze (D:3)
  2 worms
  3 dart slugs
  2 leopard geckos
  2 ball pythons
  3 giant cockroaches
  4 goblins
  A hobgoblin (D:2)
  2 quokkas (D:3)
  8 bats
  4 frilled lizards
  12 kobolds
  9 rats
54 creatures vanquished.

Notes
Turn   | Place    | Note
-------+----------+-------------------------------------------
     0 | D:1      | ANON1729 the Tengu Gladiator began the quest for the Orb.
     0 | D:1      | Reached XP level 1. HP: 12/12 MP: 2/2
   252 | D:1      | Reached XP level 2. HP: 13/17 MP: 3/3
   470 | D:1      | Found an iron altar of Okawaru.
   499 | D:1      | Became a worshipper of Warmaster Okawaru
  1195 | D:2      | Reached skill level 4 in Long Blades
  1195 | D:2      | Reached XP level 3. HP: 12/21 MP: 4/4
  1423 | D:2      | Found a sparkling altar of Nemelex Xobeh.
  1647 | D:2      | Reached skill level 1 in Armour
  1928 | D:2      | Reached XP level 4. HP: 25/26 MP: 5/5
  2370 | D:3      | Reached skill level 1 in Stealth
  2850 | D:3      | Noticed Robin
  2860 | D:3      | HP: 1/26 [gnoll/halberd (15)]
  2860 | D:3      | Slain by a gnoll

Skill      XL: |  1  2  3  4 |
---------------+-------------+-----
Long Blades    | 4 |  4.2
Armour         | 1 |  1.5
Stealth        | 1 |  1.2
Fighting       | |  2.2
Throwing       | |  2.2
Dodging        | |  3.7

Action                   |  1- 3 |  4- 6 || total
-------------------------+-------+-------++-------
Melee: Long sword        |    78 |    24 ||   102
       Kick              |    25 |     7 ||    32
       Peck              |    15 |     3 ||    18
Throw: Throwing net      |       |     2 ||     2
       Stone             |       |     1 ||     1
 Stab: Sleeping          |     2 |     2 ||     4
  Eat: Chunk             |     3 |     3 ||     6
Armor: Leather armour    |    17 |     7 ||    24
Dodge: Dodged            |    66 |    27 ||    93
       Rpst.: Long sword |    18 |     8 ||    26
